Map: [ESL] Alcyone

Players

Harstem

  • Race: Protoss Protoss
  • Spawn Location: 1:00

SKillous - Winner!

  • Race: Protoss Protoss
  • Spawn Location: 7:00

Event: ESL SC2 Masters 2024 Spring (Regional)

VOD

Have the link to the VOD?

Description

Time

  • Played on: May 2, 2024, 9:59 a.m.
  • Length: 10:07

All games in this series

Show
View Real Time Build Order
Export as new Build Order

Harstem Protoss 

Build Orders: Phoenix Opening 

Get SALT Encoding   

  12  0:00  Probe  
  13  0:12  Probe  
  14  0:16  Pylon  
  14  0:24  Probe (Chrono Boost)  
  15  0:36  Probe (Chrono Boost), Gateway  
  16  0:45  Probe (Chrono Boost)  
  16  0:46  Assimilator  
  17  0:51  Probe  
  17  0:54  Assimilator  
  18  1:03  Probe (Chrono Boost)  
  19  1:06  Gateway  
  20  1:12  Probe (Chrono Boost)  
  20  1:17  Probe (Chrono Boost)  
  20  1:23  Cybernetics Core  
  21  1:29  Probe  
  22  1:33  Pylon  
  22  1:41  Probe  
  23  1:53  Probe  
  24  1:58  Warp Gate (Chrono Boost)  
  24  2:00  Stalker  
  26  2:05  Sentry, Probe  
  29  2:12  Pylon  
  29  2:17  Probe  
  30  2:28  Pylon  
  31  2:30  Sentry, Probe  
  31  2:36  Phoenix  
  35  2:47  Nexus  
  35  2:50  Sentry, Probe  
  36  2:59  Pylon  
  36  3:02  Probe  
  36  3:04  Robotics Facility  
  37  3:14  Probe  
  37  3:24  Phoenix  
  37  3:26  Probe  
  38  3:38  Probe  
  38  3:39  Sentry  
  38  3:40  Stalker  
  43  3:50  Observer, Probe (Chrono Boost)  
  43  3:52  Nexus  
  45  3:58  Probe (Chrono Boost)  
  47  4:03  Probe (Chrono Boost)  
  47  4:05  Phoenix  
  47  4:08  Probe (Chrono Boost)  
  47  4:09  Probe (Chrono Boost)  
  49  4:13  Immortal (Chrono Boost)  
  49  4:16  Probe  
  53  4:19  Probe  
  55  4:29  Probe, Adept x2  
  60  4:32  Probe  
  60  4:35  Pylon  
  61  4:39  Observer  
  61  4:41  Probe  
  61  4:42  Twilight Council  
  61  4:45  Phoenix  
  62  4:53  Probe x2  
  62  4:56  Immortal  
  62  4:59  Pylon  
  68  5:04  Observer  
  68  5:05  Probe x2 (Chrono Boost)  
  71  5:10  Probe (Chrono Boost)  
  71  5:16  Probe (Chrono Boost)  
  71  5:18  Charge (Chrono Boost), Probe (Chrono Boost)  
  71  5:19  Probe (Chrono Boost), Forge  
  71  5:20  Gateway  
  74  5:21  Probe (Chrono Boost)  
  74  5:27  Probe  
  76  5:29  Probe  
  76  5:33  Probe  
  78  5:35  Immortal (Chrono Boost)  
  78  5:38  Observer  
  78  5:40  Zealot x2, Probe  
  87  5:43  Pylon  
  87  5:50  Probe  
  87  5:51  Probe  
  87  5:54  Probe  
  90  6:02  Protoss Ground Weapons Level 1 (Chrono Boost), Probe  
  91  6:04  Gateway x2  
  91  6:07  Gateway  
  91  6:08  Zealot x2  
  91  6:09  Warp Prism (Chrono Boost)  
  91  6:10  Gateway  
  95  6:13  Phoenix  
  95  6:15  Pylon  
  96  6:19  Probe  
  97  6:27  Zealot  
  97  6:34  Pylon  
  97  6:35  Zealot x2  
  99  6:40  Nexus  
  99  6:41  Pylon  
  99  6:44  Probe  
  99  6:46  Pylon  
  100  6:48  Probe  
  100  6:49  Pylon  
  100  6:50  Gateway  
  100  6:51  Observer  
  100  6:52  Probe  
  102  6:56  Zealot x3  
  102  6:57  Blink  
  109  7:02  Zealot x2  
  109  7:05  Pylon  
  113  7:08  Zealot x2  
  113  7:13  Probe x2  
  119  7:17  Probe  
  119  7:19  Photon Cannon  
  119  7:20  Zealot x3  
  122  7:30  Zealot x4  
  122  7:33  Probe  
  122  7:37  Gateway  
  125  7:40  Assimilator, Gateway  
  123  7:44  Assimilator  
  123  7:47  Probe  
  123  7:48  Templar Archives, Probe x2  
  123  7:51  Zealot x2  
  126  7:53  Probe  
  126  7:58  Pylon  
  127  7:59  Probe  
  127  8:00  Probe  
  129  8:08  Shield Battery  
  129  8:09  Zealot x3  
  134  8:13  Probe  
  134  8:16  Assimilator  
  134  8:20  Assimilator  
  134  8:24  Probe  
  134  8:26  Shield Battery  
  131  8:27  Zealot x3, High Templar x2, Photon Cannon  
  131  8:31  Archon  
  131  8:32  Zealot x2  
  145  8:37  Pylon  
  145  8:42  High Templar  
  145  8:43  High Templar  
  145  8:44  Zealot  
  145  8:45  Probe  
  151  8:49  Archon, Shield Battery  
  151  8:50  Pylon  
  151  8:52  Zealot x4  
  159  8:58  Probe  
  159  9:01  Zealot, High Templar  
  159  9:02  High Templar  
  166  9:07  Archon  
  156  9:10  Zealot  
  156  9:13  Shield Battery  
  156  9:15  Zealot x3  
  156  9:16  Zealot x2  
  156  9:20  Shield Battery  
  116  9:24  Zealot x2  
  116  9:31  Probe  
  101  9:32  Zealot  
  101  9:37  Zealot x5  
  99  9:42  High Templar x2  
  97  9:46  Archon  
  97  9:49  High Templar  
  97  9:51  Probe  
  100  9:53  High Templar  
  100  9:54  Zealot  
  100  9:58  Zealot x5, Archon  
Show
View Real Time Build Order
Export as new Build Order

SKillous Protoss - Winner!

Build Orders: Phoenix Opening, Blink Stalkers 

Get SALT Encoding   

  12  0:00  Probe  
  13  0:12  Probe  
  14  0:17  Pylon  
  14  0:24  Probe (Chrono Boost)  
  15  0:36  Probe (Chrono Boost), Gateway  
  16  0:44  Probe (Chrono Boost)  
  16  0:46  Assimilator  
  17  0:50  Probe  
  17  0:53  Assimilator  
  18  1:03  Probe (Chrono Boost)  
  19  1:07  Gateway  
  20  1:12  Probe (Chrono Boost)  
  20  1:17  Probe (Chrono Boost)  
  20  1:24  Cybernetics Core  
  21  1:29  Probe  
  22  1:34  Pylon  
  22  1:41  Probe  
  23  1:53  Probe  
  24  1:59  Stalker  
  24  2:00  Warp Gate, Stalker  
  28  2:09  Pylon  
  28  2:23  Pylon  
  28  2:24  Probe  
  28  2:29  Sentry  
  31  2:36  Probe  
  32  2:49  Probe, Nexus  
  33  2:52  Sentry  
  33  2:55  Sentry  
  37  3:01  Probe  
  37  3:02  Phoenix  
  38  3:05  Pylon  
  38  3:14  Twilight Council  
  38  3:18  Probe (Chrono Boost)  
  39  3:28  Probe (Chrono Boost)  
  39  3:33  Probe (Chrono Boost)  
  40  3:41  Phoenix  
  41  3:45  Probe  
  41  3:46  Blink (Chrono Boost)  
  42  3:55  Sentry, Shield Battery  
  42  3:59  Probe (Chrono Boost)  
  45  4:02  Stalker  
  45  4:03  Probe (Chrono Boost)  
  49  4:12  Probe (Chrono Boost)  
  49  4:13  Probe (Chrono Boost)  
  50  4:17  Probe (Chrono Boost)  
  50  4:21  Probe  
  52  4:29  Probe  
  53  4:31  Nexus  
  53  4:33  Probe  
  53  4:35  Pylon  
  54  4:40  Robotics Facility  
  54  4:42  Probe  
  54  4:45  Probe  
  56  4:47  Stalker  
  56  4:48  Stalker  
  56  4:52  Pylon  
  60  4:54  Probe  
  60  4:57  Probe  
  62  5:04  Shield Battery  
  62  5:06  Assimilator, Probe (Chrono Boost)  
  63  5:13  Probe (Chrono Boost)  
  63  5:14  Forge  
  64  5:18  Probe (Chrono Boost)  
  65  5:25  Probe x2 (Chrono Boost)  
  65  5:26  Observer (Chrono Boost)  
  67  5:30  Pylon  
  67  5:34  Probe (Chrono Boost)  
  67  5:35  Stalker x2  
  73  5:37  Probe (Chrono Boost)  
  73  5:40  Pylon, Observer (Chrono Boost)  
  74  5:45  Probe (Chrono Boost)  
  74  5:48  Protoss Ground Weapons Level 1 (Chrono Boost)  
  74  5:49  Assimilator  
  78  5:52  Probe (Chrono Boost)  
  78  5:54  Probe x2 (Chrono Boost)  
  79  5:58  Probe (Chrono Boost)  
  79  6:00  Probe  
  81  6:05  Probe  
  81  6:10  Probe  
  83  6:12  Probe  
  84  6:18  Gateway  
  84  6:20  Stalker  
  84  6:21  Gateway x2  
  84  6:23  Gateway  
  84  6:24  Gateway  
  84  6:26  Pylon  
  84  6:29  Probe  
  84  6:30  Probe  
  84  6:32  Resonating Glaives (Chrono Boost)  
  84  6:37  Probe  
  85  6:44  Immortal  
  85  6:46  Stalker x2  
  93  6:52  Pylon, Gateway  
  93  7:00  Pylon  
  93  7:09  Shield Battery  
  93  7:10  Sentry  
  93  7:11  Pylon, Sentry  
  96  7:16  Adept x3  
  96  7:18  Pylon, Adept x2  
  96  7:20  Shield Battery  
  96  7:22  Pylon  
  100  7:33  Adept x2  
  100  7:37  Pylon  
  100  7:38  Pylon  
  100  7:42  Gateway  
  96  7:47  Adept x6  
  108  7:51  Probe x2  
  108  7:52  Probe  
  108  7:55  Warp Prism (Chrono Boost)  
  113  8:02  Adept x2  
  113  8:03  Probe  
  118  8:12  Adept x6  
  130  8:20  Photon Cannon  
  130  8:22  Pylon  
  130  8:28  Sentry x2  
  134  8:34  Observer  
  134  8:39  Adept x7  
  148  8:44  Pylon x2  
  148  8:58  Adept x2  
  148  8:59  Adept  
  148  9:01  Adept x6  
  154  9:21  Adept x9  
  142  9:44  Stalker x8  
Tags
 
Add a new tag
Caveats
  • Supply blocks, unpowered buildings, or Contaminate may cause inaccurate times.
  • Supply counts are checked every 10 seconds.